 Dungeon Crawl Stone Soup version 0.23.2-1-ga50397a (webtiles) character file.

Game seed: 9960778766090834907

486 schauveau the Archer (level 6, 0/48 HPs)
             Began as a Centaur Hunter on May 2, 2019.
             Shot with an arrow by a centaur (12 damage)
             ... on level 5 of the Dungeon.
             The game lasted 00:06:26 (3068 turns).

schauveau the Archer (Centaur Hunter)               Turns: 3068, Time: 00:06:27

Health: 0/48       AC:  5    Str: 14    XL:     6   Next: 89%
Magic:  6/6        EV:  9    Int: 10    God:
Gold:   176        SH:  0    Dex: 12    Spells: 5/5 levels left

rFire    . . .     SeeInvis .   a - +1 shortbow
rCold    . . .     Gourm    .   (shield currently unavailable)
rNeg     . . .     Faith    .   c - +0 leather armour
rPois    .         Spirit   .   l - +0 helmet
rElec    .         Reflect  .   (no cloak)
rCorr    .         Harm     .   (no gloves)
MR       .....                  (no barding)
Stlth    +.........             (no amulet)
HPRegen  0.16/turn              (no ring)
MPRegen  0.10/turn              (no ring)

@: very quick
A: large, hooves 3, deformed body, speed 2, tough skin 3
a: no special abilities


You were on level 5 of the Dungeon.
You were not hungry.

You visited 1 branch of the dungeon, and saw 6 of its levels.

You collected 176 gold pieces.

Inventory:

Hand Weapons
 a - a +1 shortbow (weapon)
 b - a +0 trident
 h - a +0 hunting sling
 j - a +0 short sword
 k - a +0 hunting sling
Missiles
 d - 45 arrows (quivered)
 i - 54 stones
 s - 8 javelins
Armour
 c - a +0 leather armour (worn)
 l - a +0 helmet (worn)
 r - a +1 hat
Jewellery
 u - an uncursed ring of protection from fire {unknown}
 v - an uncursed ring of magical power {unknown}
 w - an uncursed ring of resist corrosion {unknown}
Wands
 g - a wand of disintegration (11)
Scrolls
 e - 3 scrolls of remove curse
 t - a scroll of blinking {unknown}
Potions
 m - a potion of degeneration {unknown}
 n - a potion of curing {unknown}
 o - 2 potions of flight
 p - a potion of heal wounds
 q - a potion of berserk rage {unknown}
 x - a potion of lignification {unknown}
Comestibles
 f - 5 rations


   Skills:
 - Level 2.0 Fighting
 * Level 10.8 Bows
 - Level 1.3 Dodging
 - Level 0.4 Stealth


You had 5 spell levels left.
You didn't know any spells.
Your spell library was empty.

Dungeon Overview and Level Annotations

Branches:
Dungeon (6/15)
 Temple: D:4-7

Altars:
Ashenzari
Cheibriados
Elyvilon
Fedhas
Makhleb


Innate Abilities, Weirdness & Mutations

You have hooves in place of feet.
Armour fits poorly on your strangely shaped body.
You cover ground very quickly.
You have extremely tough skin. (AC +3)


Message History

The centaur is severely wounded.
The centaur shoots an arrow.
The arrow hits you!
* * * LOW HITPOINT WARNING * * *
Firing (i - inventory. (/) - cycle)
d - 48 arrows (quivered)
Press: ? - help, Shift-Dir - straight line, f/p - centaur
Aim: a centaur, wielding a +0 shortbow (severely wounded)
You shoot an arrow. The arrow barely misses the centaur.
The centaur shoots an arrow.
The arrow barely misses you.
Firing (i - inventory. (/) - cycle)
d - 47 arrows (quivered)
Press: ? - help, Shift-Dir - straight line, f/p - centaur
Aim: a centaur, wielding a +0 shortbow (severely wounded)
You shoot an arrow. The arrow hits the centaur.
The centaur is severely wounded.
The centaur shoots an arrow.
The arrow misses you.
Firing (i - inventory. (/) - cycle)
d - 46 arrows (quivered)
Press: ? - help, Shift-Dir - straight line, f/p - centaur
Aim: a centaur, wielding a +0 shortbow (severely wounded)
You shoot an arrow. The arrow closely misses the centaur.
The centaur shoots an arrow.
The arrow hits you!
You die...

#...................
...................
.#................
#.###.............
#..###............
(###
#..#...######.....
.c...###.....#
###... #.........#
#... ####@(....#
##.## ##.....# #..#
#.###..## ####..#
###.# ##..###.....#
#...# ##...<.#...#
##..# #..####.#.#
#### #### #.#.#
#.### ###


You could see a centaur.

Vanquished Creatures
  Blork the orc (D:5)
  A crimson imp (D:5)
  A hound (D:3)
  2 orc priests (D:3)
  Terence (D:3)
  3 orc wizards (D:3)
  Ijyb (D:5)
  An iguana (D:5)
  A worker ant (D:5)
  4 gnolls
  2 adders (D:3)
  2 worms (D:5)
  2 dart slugs
  A leopard gecko (D:2)
  7 orcs
  3 bats
  A giant cockroach (D:2)
  6 goblins
  5 hobgoblins
  3 kobolds
  A ball python (D:2)
  5 frilled lizards
  A giant cockroach zombie (D:5)
  A jackal zombie (D:3)
  A quokka zombie (D:6)
  6 rats
63 creatures vanquished.

Notes
Turn   | Place    | Note
-------+----------+-------------------------------------------
     0 | D:1      | schauveau the Centaur Hunter began the quest for the Orb.
     0 | D:1      | Reached XP level 1. HP: 17/17 MP: 1/1
   150 | D:2      | Reached skill level 6 in Bows
   150 | D:2      | Reached XP level 2. HP: 23/24 MP: 2/2
   393 | D:2      | Found a shattered altar of Ashenzari.
   511 | D:2      | Reached XP level 3. HP: 16/29 MP: 3/3
   706 | D:3      | Reached skill level 7 in Bows
   959 | D:3      | Noticed Terence
  1002 | D:3      | Killed Terence
  1002 | D:3      | Reached XP level 4. HP: 32/36 MP: 4/4
  1131 | D:3      | Reached skill level 8 in Bows
  1139 | D:3      | Reached XP level 5. HP: 41/41 MP: 5/5
  1233 | D:3      | Noticed an orc warrior
  1428 | D:2      | Reached skill level 9 in Bows
  1487 | D:3      | Found a burning altar of Makhleb.
  1631 | D:3      | Found a white marble altar of Elyvilon.
  1704 | D:3      | Reached XP level 6. HP: 32/48 MP: 6/6
  2175 | D:5      | Entered Level 5 of the Dungeon
  2254 | D:5      | Noticed Ijyb
  2263 | D:5      | Killed Ijyb
  2537 | D:5      | Reached skill level 10 in Bows
  2723 | D:5      | Found a blossoming altar of Fedhas.
  2820 | D:5      | Noticed Blork the orc
  2830 | D:5      | Killed Blork the orc
  2920 | D:5      | Found a snail-covered altar of Cheibriados.
  3068 | D:5      | Shot with an arrow by a centaur

Skill      XL: |  1  2  3  4  5  6 |
---------------+-------------------+-----
Bows           | 6 7 8 9 10 | 10.8
Fighting       | |  2.0
Dodging        | |  1.3
Stealth        | |  0.4

Action                   |  1- 3 |  4- 6 || total
-------------------------+-------+-------++-------
Melee: Trident           |    67 |    46 ||   113
       Short sword       |     2 |       ||     2
       Kick              |    15 |    13 ||    28
 Fire: Shortbow          |    13 |   129 ||   142
Throw: Stone             |       |     9 ||     9
  Use: Scroll            |       |     7 ||     7
  Eat: Chunk             |       |     5 ||     5
Armor: Leather armour    |    20 |    13 ||    33
Dodge: Dodged            |    27 |    34 ||    61
